 Dungeon Crawl Stone Soup version 0.30.1-9-gdf580d7c3d (webtiles) character file.

Game seed: 10287281096866193997

48 Achilles the Trooper (level 3, 0/40 HPs)
             Began as an Ogre Berserker on Oct 25, 2023.
             Was a Believer of Trog.
             Slain by a gnoll
             ... wielding a +0 spear
              (9 damage)
             ... on level 2 of the Dungeon.
             The game lasted 00:02:39 (786 turns).

Achilles the Trooper (Ogre Berserker)                Turns: 786, Time: 00:02:40

Health: 0/40       AC:  3    Str: 23    XL:     3   Next: 72%
Magic:  3/3        EV: 10    Int:  8    God:    Trog [**....]
Gold:   98         SH:  0    Dex:  8    Spells: 2/2 levels left

rFire   . . .        a - +0 hand axe
rCold   . . .        (no shield)
rNeg    . . .        b - +0 animal skin
rPois   .            (helmet restricted)
rElec   .            (no cloak)
rCorr   .            (gloves unavailable)
SInv    .            (boots unavailable)
Will    .....        (no amulet)
Stlth   +            (no ring)
HPRegen 0.26/turn    (no ring)
MPRegen 0.08/turn

%: no passive effects
@: no status effects
A: large, unfitting armour, tough skin 1
a: Renounce Religion, Berserk, Trog's Hand


You were on level 2 of the Dungeon.
You worshipped Trog.
Trog was pleased with you.
You visited 1 branch of the dungeon, and saw 2 of its levels.

You collected 98 gold pieces.

Inventory:

Hand Weapons
 a - a +0 hand axe (weapon)
Armour
 b - a +0 animal skin (worn)
Scrolls
 c - 2 scrolls of noise {unknown}
 d - a scroll of magic mapping {unknown}
 f - a scroll of amnesia {unknown}
Potions
 e - a potion of curing {unknown}
 g - a potion of flight {unknown}
 h - a potion of cancellation {unknown}


   Skills:
 + Level 4.6 Fighting
 + Level 3.6 Axes
 + Level 3.3 Dodging


You had 2 spell levels left.
You didn't know any spells.
Your spell library contained the following spells:

 Spells                   Type           Power      Damage    Failure   Level
 Magic Dart               Conj           0%         1d3       41%         1
 Searing Ray              Conj           0%         2d4       54%         2
 Fulminant Prism          Conj/Hex       0%         3d5       99%         4


Dungeon Overview and Level Annotations

Branches:
Dungeon (2/15)

Altars:


Innate Abilities, Weirdness & Mutations

You are too large for most types of armour.
You have tough skin. (AC +1)


Message History

The gnoll shouts!
The gnoll hits you but does no damage.
You barely miss the gnoll. The gnoll hits you with a +0 club!
You hit the gnoll.
The gnoll is heavily wounded.
The gnoll barely misses you.
You hit the gnoll.
The gnoll is almost dead.
The gnoll hits you with a +0 club.
You barely miss the gnoll.
The gnoll is almost dead.
The gnoll hits you with a +0 club.
You barely miss the gnoll.
The gnoll is almost dead.
The gnoll hits you with a +0 club.
You hit the gnoll.
You kill the gnoll!
Trog accepts your kill. The gnoll barely misses you.
You barely miss the gnoll. The gnoll hits you with a +0 club!
You slash the gnoll!
The gnoll is severely wounded.
The gnoll barely misses you.
You hit the gnoll.
You kill the gnoll!
Trog accepts your kill.
You can now call upon Trog for regeneration and willpower.
You hit the gnoll but do no damage. The gnoll closely misses you.
The gnoll barely misses you.
You hit the gnoll.
The gnoll is moderately wounded.
The gnoll hits you with a +0 club.
* * * LOW HITPOINT WARNING * * *
The gnoll hits you from afar with a +0 spear.
* * * LOW HITPOINT WARNING * * *
You hit the gnoll but do no damage.
The gnoll is moderately wounded.
The gnoll closely misses you.
The gnoll hits you from afar with a +0 spear!
You die...

##...##...P#
##.....#..†.+
#..........P#
#......##...#
#.#...###...#
#.##.## #.###
#...# #..
#.#..######.#
# #..@gg...?.
#.#######.#
... #...
..... #.....
##.... ##...


You could see 2 gnolls.

Vanquished Creatures
  2 gnolls (D:2)
  4 bats
  2 endoplasms (D:1)
  2 giant cockroaches (D:1)
  2 goblins (D:1)
  6 hobgoblins (D:1)
  A quokka (D:2)
  2 ball pythons (D:1)
  2 frilled lizards (D:1)
  2 kobolds (D:1)
  2 rats (D:1)
27 creatures vanquished.

Notes
Turn   | Place    | Note
-------+----------+-------------------------------------------
     0 | D:1      | Achilles the Ogre Berserker began the quest for the Orb.
     0 | D:1      | Reached XP level 1. HP: 24/24 MP: 1/1
   177 | D:1      | Reached XP level 2. HP: 30/32 MP: 2/2
   607 | D:1      | Reached XP level 3. HP: 26/39 MP: 3/3
   783 | D:2      | Reached ** piety under Trog
   786 | D:2      | Slain by a gnoll

Illustrated notes

Levels and vault maps discovered:
D:1:      dpeg_arrival_concentric_ovals, layout_loops_ring,
          chequers_decorated_corner
D:2:      layout_loops_ring, shapermc_ecumenical_altar_notcrosses,
          cheibrodos_gnoll_hut, uniq_jessica

Skill      XL: |  1  2 |
---------------+-------+-----
Dodging        | 3 |  3.3
Fighting       | |  4.6
Axes           | |  3.6

Action                     || total
---------------------------++-------
  Melee: Hand axe          ||    84
         Punch             ||     1
 Armour: Animal skin       ||    50
  Dodge: Dodged            ||    74
